 Dungeon Crawl Stone Soup version 0.26.0-3-g156281e41b (webtiles) character file.

Game seed: 2527024714114912984

127 ythm the Charlatan (level 5, 0/27 HPs)
             Began as a Vine Stalker Artificer on Jan 10, 2021.
             Was a Follower of Okawaru.
             Slain by a scorpion (2 damage)
             ... on level 4 of the Dungeon.
             The game lasted 00:05:29 (978 turns).

ythm the Charlatan (Vine Stalker Artificer)          Turns: 978, Time: 00:05:30

Health: 0/27       AC:  7    Str: 16    XL:     5   Next: 11%
Magic:  0/6        EV: 10    Int: 17    God:    Okawaru [*.....]
Gold:   111        SH:  0    Dex: 14    Spells: 4/4 levels left

rFire    . . .     SeeInvis .   m - +0 mace
rCold    . . .     Faith    .   (no shield)
rNeg     . . .     Spirit   +   p - +0 ring mail
rPois    .         Reflect  .   a - +0 helmet
rElec    .         Harm     .   r - +0 cloak
rCorr    .         Rampage  .   (no gloves)
Will     .....                  (no boots)
Stlth    +.........             (no amulet)
HPRegen  0.49/turn              h - +6 ring of intelligence
MPRegen  0.10/turn              (no ring)

@: mighty, lethally poisoned (0 -> -2)
A: fangs 2, regeneration 1, magic shield, antimagic bite, no potion heal 3
a: Renounce Religion, Heroism


You were on level 4 of the Dungeon.
You worshipped Okawaru.
Okawaru was aware of your devotion.
You visited 1 branch of the dungeon, and saw 4 of its levels.

You collected 111 gold pieces.

Inventory:

Hand Weapons
 m - a +0 mace (weapon)
Missiles
 f - 8 poisoned darts
Armour
 a - a +0 helmet (worn)
 b - a +0 leather armour
 p - a +0 ring mail (worn)
 r - a +0 cloak (worn)
Jewellery
 h - a +6 ring of intelligence (left hand)
Wands
 c - a wand of flame (15) (quivered)
 d - a wand of enslavement (15)
 e - a wand of random effects (15)
 j - a wand of iceblast (4)
Scrolls
 k - 2 scrolls of identify {unknown}
 n - a scroll of blinking {unknown}
 q - a scroll of amnesia {unknown}
Potions
 g - a potion of invisibility {unknown}
 i - a potion of degeneration {unknown}
 l - a potion of might
 o - a potion of lignification {unknown}


   Skills:
 + Level 2.4 Fighting
 + Level 2.0 Armour
 - Level 1.0 Dodging
 - Level 2.0 Stealth
 - Level 2.0 Unarmed Combat
 + Level 1.3 Invocations
 - Level 3.0 Evocations


You had 4 spell levels left.
You didn't know any spells.
Your spell library was empty.

Dungeon Overview and Level Annotations

Branches:
Dungeon (4/15)
 Temple: D:4-7

Altars:
Okawaru


Innate Abilities, Weirdness & Mutations

You have extremely sharp teeth.
Your natural rate of healing is unusually fast.
When hurt, damage is shared between your health and your magic reserves.
Your bite disrupts and absorbs the magic of your enemies.
Potions cannot restore your health.


Message History

The scorpion stings you.
* * * LOW HITPOINT WARNING * * *
Unknown command.
You hit the scorpion. Your bite misses the scorpion.
The scorpion is heavily wounded.
The scorpion stings you.
* * * LOW HITPOINT WARNING * * *
You are lethally poisoned!
The scorpion poisons you!
Unknown command.
You hit the scorpion but do no damage. You bite the scorpion.
You drain its power.
You feel invigorated.
The scorpion is heavily wounded.
* * * LOW HITPOINT WARNING * * *
You feel sick. The scorpion barely misses you. x2
It was a potion of might.
You feel very mighty all of a sudden.
* * * LOW HITPOINT WARNING * * *
You feel sick. The scorpion stings you.
You die...

#.#.#.#.#.#.### #.#
#.............###.#
#.#.#.#.#<#.#.....#
#............###.##
#.#.#.#†#.#.####†#
#...s......o.##..###
#.#.#.#.#.#.#......#
#.##########.......###
#......s@............#
############.......#..oo
##########.#. .# #


You could see a scorpion.

Vanquished Creatures
  An orc wizard (D:4)
  An iguana (D:4)
  A hound skeleton (D:4)
  2 adders
  2 oozes
  A worm (D:3)
  A dart slug (D:1)
  3 orcs
  2 giant cockroaches
  3 goblins (D:3)
  5 hobgoblins
  2 kobolds
  2 bats
  A frilled lizard (D:1)
  A rat (D:1)
28 creatures vanquished.

Notes
Turn   | Place    | Note
-------+----------+-------------------------------------------
     0 | D:1      | ythm the Vine Stalker Artificer began the quest for the
                  | Orb.
     0 | D:1      | Reached XP level 1. HP: 9/9 MP: 2/2
    26 | D:1      | Reached skill level 1 in Fighting
    93 | D:1      | Reached skill level 1 in Dodging
    93 | D:1      | Reached skill level 1 in Unarmed Combat
   101 | D:1      | Reached XP level 2. HP: 2/14 MP: 3/3
   482 | D:1      | Found an iron altar of Okawaru.
   490 | D:1      | Became a worshipper of Warmaster Okawaru
   723 | D:3      | Reached XP level 3. HP: 16/18 MP: 4/4
   911 | D:4      | Gained mutation: Your natural rate of healing is unusually
                  | fast. [Vine Stalker growth]
   911 | D:4      | Reached XP level 4. HP: 12/23 MP: 3/5
   946 | D:4      | Reached skill level 1 in Invocations
   960 | D:4      | Reached * piety under Okawaru
   961 | D:4      | Reached skill level 3 in Evocations
   961 | D:4      | Reached XP level 5. HP: 14/27 MP: 4/6
   978 | D:4      | Slain by a scorpion

Illustrated notes

Levels and vault maps discovered:
D:1:      minmay_arrival_up_and_down, layout_rooms, okawaru_ov_weapons_minmay
D:2:      layout_basic, lemuel_crystal_altar
D:3:      layout_loops_ring, lemuel_doored_altar, serial_co_window_serial,
          co_window_paths_a, co_window_cross_1, co_window_corner_a,
          co_window_paths_a, co_window_paths_a, co_window_2corner,
          co_window_paths_c, co_window_broadway_c, co_window_paths_c,
          glass_columns_c, glass_columns_b, minmay_randomly_rotated_circles
D:4:      layout_rooms, lemuel_blue_sif_altar, serial_shops,
          nicolae_shop_statue_plus, nicolae_ossuary_entry_monument,
          st_stairs_10, uniq_edmund

Skill      XL: |  1  2  3  4 |
---------------+-------------+-----
Fighting       | 1 2 |  2.4
Dodging        | 1 |  1.0
Unarmed Combat | 1 2 |  2.0
Stealth        | 2 |  2.0
Invocations    | 1 |  1.3
Armour         | 2 |  2.0
Evocations     | 3 |  3.0

Action                   |  1- 3 |  4- 6 || total
-------------------------+-------+-------++-------
Melee: Club              |    35 |       ||    35
       Bite              |    25 |     6 ||    31
       Mace              |    72 |    27 ||    99
       Punch             |       |     1 ||     1
  Use: Scroll            |     2 |       ||     2
       Potion            |       |     1 ||     1
Armor: Leather armour    |    12 |       ||    12
       Ring mail         |    28 |    10 ||    38
Dodge: Dodged            |    73 |    26 ||    99
